 Dungeon Crawl Stone Soup version 0.31-a0-955-gcb8bc90ed4 (webtiles) character file.

Game seed: 9518928906525167575

38334 Madon the Spry (level 13, -12/65 HPs)
             Began as a Felid Summoner on Oct 22, 2023.
             Was an Initiate of Gozag.
             Mangled by a rime drake (18 damage)
             ... on level 5 of the Lair of Beasts.
             The game lasted 00:58:17 (21888 turns).

Madon the Spry (Felid Summoner)                    Turns: 21888, Time: 00:58:17

Health: -12/65     AC:  3    Str:  4    XL:     13   Next: 63%
Magic:  10/37      EV:  4    Int: 39    God:    Gozag
Gold:   790        SH:  0    Dex: 21    Spells: 19/32 levels left
                                        Lives:  0   Deaths: 5

rFire   + . .        (weapon unavailable)
rCold   + . .        (shield unavailable)
rNeg    . . .        (body armour unavailable)
rPois   +            (helmet unavailable)
rElec   .            (cloak unavailable)
rCorr   +            (gloves unavailable)
SInv    +            (boots unavailable)
Will    +....        M - amulet "Ostir" {Faith Rampage rF+ rCorr Int+5}
Stlth   +++          d - ring of Jekuiq {Contam rPois Int+10 Slay-4}
HPRegen 0.30/turn    h - ring "Jisoniam" {Fly MP+9 Int+3 Dex+4 SInv}
MPRegen 0.25/turn

%: rampage, faith
@: about to teleport, sleeping, frozen, gold aura, flying, slow
A: very small, claws 1, fangs 3, see invisible, speed 1, shaggy fur 3, stealthy
paws, no weapons or thrown items, no armour, multi-lived, horns 1, MP-powered
wands
a: Renounce Religion, Potion Petition, Call Merchant, Bribe Branch


You were on level 5 of the Lair of Beasts.
You worshipped Gozag.
Gozag was pleased with you.
You visited 3 branches of the dungeon, and saw 16 of its levels.
You also visited: Bailey and Gauntlet.

You collected 4213 gold pieces.
You spent 96 gold pieces at shops.
You paid 3327 gold pieces to Gozag.

Inventory:

Jewellery
 d - the ring of Jekuiq (left paw) {Contam rPois Int+10 Slay-4}
   (You acquired it on level 6 of the Dungeon)

   [ring of poison resistance]

   Int+10:    It affects your intelligence (+10).
   Slay-4:    It affects your accuracy & damage with ranged weapons and melee
   (-4).
   rPois:     It protects you from poison Contam: It causes magical
   contamination when unequipped.
 f - a ring of fire
 g - a ring of ice
 h - the ring "Jisoniam" (right paw) {Fly MP+9 Int+3 Dex+4 SInv}
   (You found it in a Gauntlet)

   [ring of magical power]

   Int+3:     It affects your intelligence (+3).
   Dex+4:     It affects your dexterity (+4).
   MP+9:      It affects your magic capacity (+9).
   SInv:      It lets you see invisible.
   Fly:       It grants you flight.
 l - a ring of resist corrosion
 o - an amulet of regeneration
 L - the ring "Yminoeru" {rF+ rN+ Str-3 Dex+2}
   (You found it in a Gauntlet)

   [ring of positive energy]

   Str-3:     It affects your strength (-3).
   Dex+2:     It affects your dexterity (+2).
   rF+:       It protects you from fire.
   rN+:       It protects you from negative energy.
 M - the amulet "Ostir" (around neck) {Faith Rampage rF+ rCorr Int+5}
   (You found it in a Gauntlet)

   [amulet of faith]

   Faith:     It allows you to gain divine favour quickly.
   Int+5:     It affects your intelligence (+5).
   rF+:       It protects you from fire.
   rCorr:     It protects you from acid and corrosion.
   Rampage:   It bestows one free step when moving towards enemies.
Wands
 i - a wand of roots (23)
 p - a wand of acid (11) (quivered)
 A - a wand of mindburst (5)
 J - a wand of paralysis (16)
 K - a wand of polymorph (5)
Scrolls
 c - 4 scrolls of poison
 e - 3 scrolls of teleportation
 k - a scroll of blinking {unknown}
 m - 2 scrolls of amnesia {unknown}
 q - 5 scrolls of fear
 s - a scroll of revelation
 t - 5 scrolls of immolation
 u - 2 scrolls of summoning
 y - 2 scrolls of enchant armour {unknown}
 C - a scroll of vulnerability {unknown}
 G - 4 scrolls of fog
 I - a scroll of brand weapon {unknown}
Potions
 a - a potion of magic
 b - 3 potions of might
 j - 2 potions of enlightenment {unknown}
 n - a potion of brilliance
 r - 4 potions of lignification
 v - 3 potions of ambrosia
 w - 2 potions of haste {unknown}
 x - 3 potions of attraction
 z - 2 potions of resistance
 B - a potion of curing
Miscellaneous
 N - a phial of floods


   Skills:
 + Level 12.5 Fighting
 + Level 16.2 Dodging
 - Level 2.6 Stealth
 - Level 10.0 Spellcasting
 - Level 5.0 Hexes
 - Level 10.0 Summonings
 - Level 7.0 Air Magic


You had 19 spell levels left.
You knew the following spells:

 Your Spells              Type           Power      Damage    Failure   Level
a - Summon Small Mammal   Summ           100%       N/A       1%          1
b - Call Imp              Summ           100%       N/A       1%          2
c - Call Canine Familiar  Summ           78%        N/A       1%          3
d - Summon Guardian Gole  Hex/Summ       67%        N/A       1%          3
e - Summon Lightning Spi  Summ/Air       72%        N/A       1%          4

Your spell library contained the following spells:

 Spells                   Type           Power      Damage    Failure   Level
 Apportation              Tloc           38%        N/A       1%          1
 Magic Dart               Conj           76%        1d6       1%          1
 Necrotise                Necr           76%        1d7       1%          1
 Sting                    Tmut/Pois      76%        1d6       1%          1
 Poisonous Vapours        Pois/Air       92%        N/A       1%          2
 Dazzling Flash           Conj/Hex       78%        N/A       1%          3
 Blink                    Tloc           38%        N/A       2%          2
 Lesser Beckoning         Tloc           38%        N/A       2%          2
 Momentum Strike          Conj/Tloc      38%        3d9       2%          2
 Searing Ray              Conj           38%        2d5       2%          2
 Cause Fear               Hex            27%        N/A       2%          4
 Ozocubu's Armour         Ice            19%        N/A       5%          3
 Volatile Blastmotes      Fire/Tloc      38%        2d13      5%          3
 Fulminant Prism          Conj/Hex       19%        3d10      7%          4
 Iskenderun's Mystic Bla  Conj/Tloc      19%        2d6       19%         4
 Olgreb's Toxic Radiance  Pois           19%        N/A       19%         4
 Fireball                 Conj/Fire      9%         3d6       45%         5
 Starburst                Conj/Fire      9%         6d5       96%         6
 Ozocubu's Refrigeration  Ice            9%         4d9       100%        7
 Maxwell's Capacitive Co  Air            32%        ∞         100%        8
 Dragon's Call            Summ           39%        N/A       100%        9


Dungeon Overview and Level Annotations

Branches:
Dungeon (10/15)            Temple (1/1) D:7            Lair (5/5) D:9
  Swamp (0/4) Lair:2       Spider (0/4) Lair:3        Slime (0/5) Lair:5
    Orc (0/2) D:9          Bailey (visited)         Gauntlet (visited)

Altars:
Ashenzari
Cheibriados
Dithmenos
Elyvilon
Fedhas
Gozag
Hepliaklqana
Kikubaaqudgha
Makhleb
Nemelex Xobeh
Okawaru
Qazlal
Ru
Sif Muna
Trog
Uskayaw
Vehumet
Wu Jian
Xom
Yredelemnul
Zin
The Shining One

Shops:
D:6 *(   D:9 [   D:10 =?=   Lair:4 !


Innate Abilities, Weirdness & Mutations

You have sharp claws.
You have razor-sharp teeth.
You have supernaturally acute eyesight. (SInv)
You cover ground quickly. (Speed+)
Your thick and shaggy fur keeps you warm. (AC +3, rC+)
Your paws help you pounce on unaware monsters.
You are incapable of wielding weapons or throwing items.
You cannot wear armour.
You gain extra lives every three experience levels.
You have a pair of small horns on your head.
You expend magic power (3 MP) to strengthen your wands.


Message History

Something closely misses your cerulean imp.
The blink frog hits your lightning spire but does no damage.
The rime drake misses your cerulean imp.
The blink frog closely misses you.
Your cerulean imp misses the rime drake.
The blink frog hits your cerulean imp.
Your cerulean imp dies!
Your cerulean imp disappears in a puff of smoke!
The blink frog hits your lightning spire but does no damage.
The dream sheep completely misses you.
The rime drake bites your lightning spire.
The blink frog completely misses you.
The blink frog blinks!
The blink frog completely misses your lightning spire.
The blink frog completely misses you.
The dream sheep ruffles its wool and motes of dream dust sparkle, to no effect.
Your lightning spire shoots out a bolt of lightning at the rime drake!
The bolt of electricity hits the rime drake!
The rime drake dies!
Your surroundings seem slightly different.
The blink frog blinks!
The rime drake completely misses you.
The blink frog blinks!
The blink frog closely misses you.
The blink frog blinks!
The blink frog hits your lightning spire but does no damage.
Your lightning spire shoots out a bolt of lightning at the blink frog!
The bolt of electricity hits the blink frog!
The blink frog dies!
The blink frog hits your lightning spire.
The rime drake breathes ice at you. The icy flash freeze hits you!!
You partially resist.
You are encased in ice.
As you read the scroll of teleportation, it crumbles to dust.
You feel strangely unstable. The blink frog hits you!
* * * LOW HITPOINT WARNING * * *
The blink frog blinks!
The yak misses you.
The dream sheep shake their wool and sparkle.
You feel drowsy...
You fall asleep.
The blink frog hits your lightning spire.
The blink frog blinks!
The rime drake bites you!!
You die...
Your body crumbles into a pile of gold.

***,,,,*,,#P.##...#
,**,,,,,,,........##
,,,,,,,,,,.........#
,,,,,,,,,,....F..$##
,,,,,,,,,,......$§###
,,,,,,*,,,..###F....#
,,,,,,,,,,#.* #S#YY##
,,,,,,,,*,,,**##Yk..#
,,,,,,,,***,,,,#@F§##*
,,,,,,,,,..F.....8$..#**
,,,,,,,**....≈≈≈≈≈≈....#
,,,,,,***...#.≈#####..P#
,,,,,,,**#.#.!≈*∩,,,..##
,*,,,,,***....≈*,,,,.≈#*
,**,,,,,*#+...~*,,,≈*.≈*
,*,,,,,,,,....,*,,~*~#.#
,,,,,,,,,,,,,,,,,,*~~***


You could see a yak, 4 blink frogs, a rime drake (catching breath), a water
moccasin, 2 dream sheep and a friendly lightning spire (summoned).

Vanquished Creatures
  3 electric eels (Lair:2)
3 creatures vanquished.

Vanquished Creatures (collateral kills)
  Rupert (Lair:3)
  A reaper (Gauntlet)
  Nessos (Lair:4)
  A minotaur (Gauntlet)
  Snorg (Lair:3)
  A hydra (Lair:4)
  2 soul eaters (Gauntlet)
  Urug (Lair:4)
  2 orc knights
  A cyclops (D:9)
  An oklob plant (Lair:1)
  2 elephants (Lair:1)
  4 black mambas
  5 cane toads
  Jeremiah (D:8)
  3 rime drakes
  7 komodo dragons
  A hornet (D:8)
  12 blink frogs
  A dream sheep (Lair:3)
  A jumping spider (Lair:3)
  A shadow (D:9)
  6 wyverns
  39 yaks
  A basilisk (Lair:2)
  A steam dragon (D:8)
  A redback (Lair:3)
  11 water moccasins
  An ice beast (D:7)
  A sky beast (D:7)
  2 black bears
  10 orc warriors (Bailey)
  3 wolves (Lair:1)
  2 centaurs (D:8)
  2 phantoms (D:6)
  10 bullfrogs
  A gnoll sergeant (D:9)
  3 scorpions
  A wyvern zombie (D:7)
  4 wights (D:8)
  5 killer bees (D:8)
  2 howler monkeys (D:9)
  3 centaur zombies (D:7)
  4 hounds (D:5)
  5 jellies
  5 orc priests
  2 gnoll boudas
  3 iguanas
  Terence (D:2)
  8 orc wizards
  4 killer bee zombies (D:7)
  Robin (D:2)
  15 gnolls
  7 adders
  6 shadow imps
  2 white imps
  2 ufetubi (D:6)
  3 worms
  5 dart slugs
  34 orcs
  6 endoplasms
  A giant cockroach (D:2)
  21 goblins
  21 hobgoblins
  4 quokkas
  16 ball pythons
  9 bats
  4 frilled lizards
  6 kobolds
  2 rats
357 creatures vanquished.

Vanquished Creatures (others)
  Gastronok (Lair:3)
  An orc warlord (Bailey)
  A hydra (Gauntlet)
  A ghost crab (Gauntlet)
  Nergalle (Lair:1)
  An elephant (Lair:1)
  A torpor snail (Gauntlet)
  A cane toad (Lair:2)
  A komodo dragon (Lair:5)
  5 dream sheep
  11 yaks
  A water moccasin (Lair:4)
  An orc warrior (Bailey)
  A wolf (Lair:1)
  4 ogres
  A centaur (D:5)
  A bullfrog (Lair:1)
  3 scorpions
  2 orc priests (D:3)
  3 iguanas (D:5)
  2 orc wizards (D:3)
  6 gnolls
  An adder (D:3)
  2 shadow imps (Gauntlet)
  3 orcs
56 creatures vanquished.

Grand Total: 416 creatures vanquished

Notes
Turn   | Place    | Note
-------+----------+-------------------------------------------
     0 | D:1      | Madon the Felid Summoner began the quest for the Orb.
     0 | D:1      | Reached XP level 1. HP: 7/7 MP: 4/4
   190 | D:1      | Reached XP level 2. HP: 11/11 MP: 3/6
   193 | D:1      | Learned a level 2 spell: Call Imp
  1013 | D:2      | Reached XP level 3. HP: 14/14 MP: 4/8
  1023 | D:2      | Learned a level 3 spell: Call Canine Familiar
  1221 | D:2      | Found a faded altar of an unknown god.
  1302 | D:2      | Noticed Terence
  1329 | D:2      | Killed Terence
  1330 | D:2      | Reached XP level 4. HP: 18/18 MP: 1/9
  1334 | D:2      | Learned a level 3 spell: Summon Guardian Golem
  1773 | D:2      | Noticed Robin
  1782 | D:2      | Reached skill level 5 in Summonings
  1798 | D:2      | Killed Robin
  1799 | D:2      | Reached skill level 1 in Hexes
  2355 | D:3      | Reached skill level 3 in Dodging
  2355 | D:3      | Reached XP level 5. HP: 15/21 MP: 4/11
  2410 | D:3      | Killed from afar by an orc wizard
  2602 | D:3      | Found a bloodstained altar of Trog.
  3154 | D:3      | Reached skill level 1 in Fighting
  3358 | D:3      | Gained mutation: You are covered in thick fur. (AC +2)
                  | [Felid growth]
  3358 | D:3      | Reached XP level 6. HP: 25/25 MP: 0/12
  3973 | D:3      | Found an iron altar of Okawaru.
  4103 | D:3      | Found a hide-covered altar of Uskayaw.
  4826 | D:4      | Reached XP level 7. HP: 29/29 MP: 8/14
  4831 | D:4      | Learned a level 4 spell: Summon Lightning Spire
  5026 | D:4      | Reached skill level 4 in Dodging
  5319 | D:5      | Entered Level 5 of the Dungeon
  5567 | D:5      | Found a glowing golden altar of the Shining One.
  5604 | D:5      | Found a hazy altar of Hepliaklqana.
  5841 | D:5      | Reached skill level 1 in Air Magic
  6373 | D:5      | Reached skill level 5 in Hexes
  6752 | D:5      | Reached skill level 5 in Spellcasting
  6752 | D:5      | Reached XP level 8. HP: 34/34 MP: 9/16
  6762 | D:5      | Killed by an exploding themself... ignited by their inner
                  | flame
  7190 | D:5      | Reached skill level 5 in Dodging
  7554 | D:6      | Found a white marble altar of Elyvilon.
  7818 | D:6      | Identified a scroll of acquirement
  7821 | D:6      | Acquired the ring of Jekuiq {Contam rPois Int+10 Slay-4}
  8026 | D:6      | Found a sacrificial altar of Ru.
  8074 | D:6      | Found Empyx's Weapon Boutique.
  8074 | D:6      | Noticed a +0 rapier
  8074 | D:6      | Noticed a +0 quick blade
  8178 | D:6      | Found an ancient bone altar of Kikubaaqudgha.
  8234 | D:6      | Found Xyrriups's Overcharged Wands.
  8667 | D:7      | Reached XP level 9. HP: 38/38 MP: 14/18
  8800 | D:7      | Found a staircase to the Ecumenical Temple.
  8858 | Temple   | Entered the Ecumenical Temple
  9169 | D:7      | Found a basalt altar of Yredelemnul.
  9588 | D:7      | Found a burning altar of Makhleb.
  9616 | D:7      | Reached skill level 6 in Dodging
 10196 | D:8      | Noticed Jeremiah
 10204 | D:8      | Killed Jeremiah
 10273 | D:8      | Reached skill level 5 in Air Magic
 10441 | D:8      | Reached XP level 10. HP: 43/43 MP: 12/21
 10711 | D:8      | Noticed an orc knight
 10742 | D:8      | Found a sparkling altar of Nemelex Xobeh.
 10742 | D:8      | Found an opulent altar of Gozag.
 10748 | D:8      | Became a worshipper of Gozag Ym Sagoz the Greedy
 10802 | D:8      | Reached skill level 7 in Dodging
 10806 | D:8      | Reached skill level 5 in Fighting
 10917 | D:8      | Killed an orc knight
 11124 | D:8      | Found a blossoming altar of Fedhas.
 11893 | D:9      | Found a staircase to the Orcish Mines.
 11970 | D:9      | Found Ciakyog's Antique Armour Shop.
 11988 | D:9      | Found a staircase to the Lair.
 12077 | D:9      | Identified the ring of Idugiulal {MP+9 SInv}
 12084 | D:9      | Found a flagged portal.
 12131 | Bailey   | Entered a bailey
 12387 | Bailey   | Noticed an orc knight
 12418 | Bailey   | Killed an orc knight
 12620 | Bailey   | Identified the +3 lajatang of Midsummer {elec, rF+ rN++
                  | Dex+4 Stlth-}
 12630 | Bailey   | Noticed an orc warlord
 12656 | Bailey   | Killed an orc warlord
 12657 | Bailey   | Reached skill level 8 in Dodging
 12657 | Bailey   | Reached XP level 11. HP: 48/48 MP: 6/24
 13031 | Bailey   | Identified the "Zobufebb" (You acquired it in a bailey)
 13031 | Bailey   | Acquired 1194 gold pieces
 13301 | D:9      | Identified the +1 buckler of the Slightly Bent {rElec rC+
                  | Will++ rCorr}
 13313 | D:9      | Reached skill level 10 in Summonings
 13342 | D:9      | Found a shadowy altar of Dithmenos.
 13562 | D:9      | Found a glowing silver altar of Zin.
 13985 | D:10     | Entered Level 10 of the Dungeon
 14041 | D:10     | Bought a scroll of identify for 24 gold pieces
 14041 | D:10     | Bought a scroll of identify for 24 gold pieces
 14041 | D:10     | Bought a scroll of identify for 24 gold pieces
 14041 | D:10     | Bought a scroll of identify for 24 gold pieces
 14085 | Lair:1   | Entered Level 1 of the Lair of Beasts
 14275 | Lair:1   | Reached skill level 9 in Dodging
 14560 | Lair:1   | Reached skill level 10 in Spellcasting
 14712 | Lair:1   | Noticed an oklob plant
 14721 | Lair:1   | Reached skill level 10 in Dodging
 14728 | Lair:1   | Killed an oklob plant
 14893 | Lair:1   | Noticed Nergalle
 14909 | Lair:1   | Noticed a spectral orc warlord
 14912 | Lair:1   | Killed Nergalle
 15678 | Lair:2   | Gained mutation: Your thick and shaggy fur keeps you warm.
                  | (AC +3, rC+) [Felid growth]
 15678 | Lair:2   | Reached XP level 12. HP: 55/55 MP: 24/27
 15923 | Lair:2   | Reached skill level 11 in Dodging
 16418 | Lair:2   | Found a staircase to the Swamp.
 17054 | Lair:3   | Noticed Rupert
 17061 | Lair:3   | Mangled by Rupert
 17092 | Lair:3   | Reached skill level 12 in Dodging
 17267 | Lair:3   | Noticed Snorg
 17278 | Lair:3   | Killed Snorg
 17513 | Lair:3   | Reached skill level 13 in Dodging
 17553 | Lair:3   | Noticed Gastronok
 17562 | Lair:3   | Reached skill level 10 in Fighting
 17592 | Lair:3   | Killed Gastronok
 17702 | Lair:3   | Found a hole to the Spider Nest.
 18296 | Lair:3   | Killed Rupert
 18480 | Lair:4   | Noticed Nessos
 18486 | Lair:4   | HP: 1/59 [Nessos/arrow (10)]
 18488 | Lair:4   | Shot with an arrow by Nessos
 18508 | Lair:4   | Reached skill level 14 in Dodging
 18555 | Lair:4   | Found a gate leading to a gauntlet.
 18568 | Gauntlet | Entered a Gauntlet
 18568 | Gauntlet | Found a transporter.
 18568 | Gauntlet | Found a transporter.
 18598 | Gauntlet | Found a transporter.
 18598 | Gauntlet | Found a transporter.
 18607 | Gauntlet | Found a transporter.
 18616 | Gauntlet | Noticed a ghost crab
 18622 | Gauntlet | Found a transporter.
 18626 | Gauntlet | Found a transporter.
 18626 | Gauntlet | Found a transporter.
 18633 | Gauntlet | Noticed a six-headed hydra
 18641 | Gauntlet | Noticed a reaper
 18642 | Gauntlet | Found a transporter.
 18698 | Gauntlet | Found a transporter.
 18718 | Gauntlet | Found a transporter.
 18725 | Gauntlet | Found a transporter.
 18797 | Gauntlet | Found a transporter.
 18810 | Gauntlet | Found a transporter.
 18818 | Gauntlet | Noticed a death yak
 18819 | Gauntlet | Noticed a death yak
 18821 | Gauntlet | Noticed a death yak
 18824 | Gauntlet | Found a transporter.
 18837 | Gauntlet | Found a transporter.
 19067 | Gauntlet | Identified the ring of Neojareu {rF- MP+9 Dex+6}
 19102 | Gauntlet | Killed a ghost crab
 19103 | Gauntlet | Reached XP level 13. HP: 63/63 MP: 13/28
 19209 | Gauntlet | Identified the ring "Yminoeru" {rF+ rN+ Str-3 Dex+2}
 19322 | Gauntlet | Identified the ring of the Commoners {Wiz Str+3 Dex+2}
 19322 | Gauntlet | Noticed a minotaur
 19326 | Gauntlet | Shot with a sling bullet by a minotaur
 19515 | Gauntlet | HP: 3/63 [soul eater[an orange crystal statue] (19)]
 19710 | Gauntlet | Identified the amulet "Ostir" {Faith Rampage rF+ rCorr
                  | Int+5}
 19818 | Gauntlet | Killed a reaper
 19856 | Gauntlet | Identified the ring "Jisoniam" {Fly MP+9 Int+3 Dex+4 SInv}
 19907 | Gauntlet | HP: 1/63 [minotaur/javelin (19)]
 19909 | Gauntlet | Gained mutation: You sometimes lose your temper in combat.
                  | [potion of mutation]
 19909 | Gauntlet | Gained mutation: You are partially covered in iridescent
                  | scales. (AC +2) [potion of mutation]
 19914 | Gauntlet | Killed a minotaur
 20279 | Lair:4   | Lost mutation: You are partially covered in iridescent
                  | scales. (AC +2) [potion of mutation]
 20279 | Lair:4   | Lost mutation: You sometimes lose your temper in combat.
                  | [potion of mutation]
 20279 | Lair:4   | Gained mutation: You have a pair of small horns on your
                  | head. [potion of mutation]
 20279 | Lair:4   | Gained mutation: You expend magic power (3 MP) to
                  | strengthen your wands. [potion of mutation]
 20285 | Lair:4   | Noticed Urug
 20294 | Lair:4   | Killed Urug
 20361 | Lair:4   | Reached skill level 15 in Dodging
 21186 | Lair:4   | Killed Nessos
 21737 | Lair:5   | Entered Level 5 of the Lair of Beasts
 21851 | Lair:5   | Reached skill level 16 in Dodging
 21888 | Lair:5   | Mangled by a rime drake

Illustrated notes

Levels and vault maps discovered:
D:1:      ldierk_walled_garden_2, layout_basic
D:2:      layout_loops_ring, hellmonk_ecumenical_altar_run_dry, uniq_robin,
          uniq_terence
D:3:      layout_basic, lemuel_coloured_pillars_altar, okawaru_trees_1,
          mainiacjoe_overflow_cross_hatched, roderic_roman_lattice,
          hangedman_decor_growths
D:4:      layout_loops_ring
D:5:      minmay_opposing_rooms, layout_loops_corners, nicolae_overflow_squiral,
          minmay_misc_feat_hallway
D:6:      layout_loops_ring, mainiacjoe_overflow_alcove_1, elyvilon_altar_1,
          mainiacjoe_overflow_six_doors_small, serial_shops,
          nicolae_shop_mannequins, nicolae_shop_overcharged_wands
D:7:      layout_basic, nicolae_yredelemnul_corpse_copse, lemuel_tele_altar,
          minmay_temple_entry_wispy, item_on_display_a
D:8:      layout_loops_ring, grunt_temple_overflow_opulence,
          mainiacjoe_overflow_24_doors, minmay_liquid_box,
          kennysheep_island_fort, uniq_jeremiah
D:9:      minmay_klotski, layout_long_grid, old_standard_altar, zin_academy,
          dpeg_oklobed_lair, serial_shops, shop, enter_bailey_8, uniq_joseph
D:10:     layout_gridville
Temple:   hellmonk_temple_two_chambers
Lair:1:   minmay_lair_oklob_chamber, layout_small_grid, grunt_megastairs_5,
          uniq_nergalle
Lair:2:   layout_cave_pods, swamp_mist, serial_bayou_shore_a
Lair:3:   statuecave_lemuel, layout_regular_city, spider_nest_entry_rubble,
          minivault_11, minmay_stone_trees_small, infiniplex_staircase_pool_2,
          uniq_gastronok, uniq_rupert, uniq_snorg
Lair:4:   cheibrodos_lair_river_kwai, layout_regular_city,
          gauntlet_entry_generic, uniq_nessos, uniq_urug
Lair:5:   gammafunk_lair_ancient_temple, layout_regular_city, slime_entry_1,
          portal_ice_cave_rime, lemuel_fruit_fields

Skill      XL: |  1  2  3  4  5  6  7  8  9 10 11 12 13 |
---------------+----------------------------------------+-----
Spellcasting   | 3 4 5 7 8 10 | 10.0
Summonings     | 5 6 7 8 9 10 | 10.0
Hexes          | 1 2 4 5 |  5.0
Dodging        | 3 4 5 6 8 10 14 16 | 16.2
Fighting       | 1 2 3 4 5 7 11 12 | 12.5
Air Magic      | 2 3 5 7 |  7.0
Stealth        | |  2.6

Action                     |  1- 3 |  4- 6 |  7- 9 | 10-12 | 13-15 || total
---------------------------+-------+-------+-------+-------+-------++-------
   Cast: Summon Small Mamm |    38 |    51 |    61 |    93 |    16 ||   259
         Call Imp          |    15 |    34 |    45 |    58 |    11 ||   163
         Call Canine Famil |     2 |    32 |    53 |    59 |    19 ||   165
         Summon Guardian G |       |     5 |    17 |    25 |    22 ||    69
         Summon Lightning  |       |       |    10 |    83 |    32 ||   125
 Invoke: Call Merchant     |       |       |       |     3 |     1 ||     4
  Evoke: Wand              |       |       |       |    11 |       ||    11
    Use: Scroll            |       |     1 |     6 |    12 |     4 ||    23
         Potion            |       |     1 |       |     1 |    14 ||    16
 Armour: Skin              |     7 |    34 |    43 |    66 |    62 ||   212
  Dodge: Dodged            |    28 |    61 |    90 |   158 |   142 ||   479

Table legend: (Time is in decaauts)
 A = Elapsed time spent in this place.
 B = Non-inter-level travel time spent in this place.
 C = Inter-level travel time spent in this place.
 D = Time resting spent in this place.
 E = Time spent auto-exploring this place.
 F = Levels seen in this place.
 G = Mean time per level.
                   A        B        C        D        E       F      G
               +--------+--------+--------+--------+--------+-----+--------+
         Total |  19716 |  18581 |   1135 |     63 |  14075 |  18 | 1095.3 |
       Dungeon |  11645 |  10792 |    853 |      0 |   8298 |  10 | 1164.5 |
        Temple |     14 |      2 |     12 |      0 |      0 |   1 |   14.0 |
          Lair |   5552 |   5282 |    270 |      0 |   4221 |   5 | 1110.4 |
        Bailey |   1046 |   1046 |      0 |      0 |    767 |   1 | 1046.0 |
      Gauntlet |   1458 |   1458 |      0 |     63 |    788 |   1 | 1458.0 |
               +--------+--------+--------+--------+--------+-----+--------+

Top non-repeatable levels by time:
     D:5: 1922 daAuts
     D:3: 1796 daAuts
  Lair:4: 1573 daAuts
Gauntlet: 1458 daAuts
     D:7: 1450 daAuts
     D:8: 1373 daAuts
  Lair:1: 1371 daAuts
  Lair:3: 1272 daAuts
  Lair:2: 1268 daAuts
     D:2: 1249 daAuts
     D:6: 1051 daAuts
  Bailey: 1046 daAuts
     D:4: 1008 daAuts
     D:9: 944 daAuts
     D:1: 799 daAuts
